[Event "DFMMLV 2019"]
[Site "Braunfels"]
[Date "2019.06.21"]
[Round "3.20"]
[White "Gressmann, Hanna"]
[Black "Lukas, Anne"]
[Result "0-1"]
[ECO "B25"]
[WhiteElo "1840"]
[BlackElo "1842"]
[Annotator "NA"]
[PlyCount "58"]
[EventDate "2019.06.20"]
[EventType "team-tourn"]
[EventCountry "GER"]
[SourceTitle "playchess.com"]
[Source "ChessBase"]
[SourceQuality "1"]
[WhiteTeam "Schleswig Holstein"]
[BlackTeam "Hessen 1"]
[TimeControl "40/5400+30:1800+30"]

1. e4 c5 2. Nc3 Nc6 3. g3 g6 4. Bg2 Bg7 5. d3 d6 6. f4 e6 7. Nf3 Nge7 8. O-O O-O 9. Be3 b6 10. e5 Bb7 11. exd6 Nf5 12. Bf2 Qxd6 13. Qd2 Qd7 14. g4 Nfd4 15. Nxd4 Nxd4 16. Bxd4 Bxd4+ 17. Kh1 f5 18. h3 Rae8 19. Nd1 Bg7 20. c3 e5 21. fxe5 Bxg2+ 22. Qxg2 Rxe5 23. gxf5 Rexf5 24. Rxf5 Qxf5 25. Ne3 Qxd3 26. Ng4 Rf3 27. Nf2 Qf5 28. Ng4 h5 29. Nh2 Rf2 0-1

[Event "DFMMLV 2019"]
[Site "Braunfels"]
[Date "2019.06.21"]
[Round "3.21"]
[White "Frank, Michelle Viviane"]
[Black "Hielscher, Ursula"]
[Result "1/2-1/2"]
[ECO "D00"]
[WhiteElo "1915"]
[BlackElo "1796"]
[Annotator "NA"]
[PlyCount "67"]
[EventDate "2019.06.20"]
[EventType "team-tourn"]
[EventCountry "GER"]
[SourceTitle "playchess.com"]
[Source "ChessBase"]
[SourceQuality "1"]
[WhiteTeam "Hessen 1"]
[BlackTeam "Schleswig Holstein"]
[TimeControl "40/5400+30:1800+30"]

1. d4 d5 2. Bf4 Nf6 3. e3 e6 4. c3 Bd6 5. Nd2 Bxf4 6. exf4 O-O 7. Ngf3 Nbd7 8. Bd3 c5 9. O-O cxd4 10. Nxd4 Nc5 11. Bc2 Qc7 12. g3 Bd7 13. N2f3 Qb6 14. Rb1 Qc7 15. Ne5 Be8 16. Re1 a6 17. Kg2 b5 18. f3 a5 19. a3 Rb8 20. Rc1 Na4 21. Bb1 Nc5 22. Qc2 Ncd7 23. Qe2 Nxe5 24. fxe5 Nd7 25. Nxb5 Qxe5 26. Qxe5 Nxe5 27. Nc7 Rxb2+ 28. Rc2 Rxc2+ 29. Bxc2 Nc4 30. Bd3 Nd6 31. Rb1 Ba4 32. Rb6 Rd8 33. Ra6 g6 34. Rxa5 1/2-1/2

[Event "DFMMLV 2019"]
[Site "Braunfels"]
[Date "2019.06.21"]
[Round "3.22"]
[White "Mundt, Alexandra"]
[Black "Werner, Rosalie"]
[Result "1/2-1/2"]
[ECO "A14"]
[WhiteElo "1797"]
[BlackElo "1610"]
[Annotator "NA"]
[PlyCount "89"]
[EventDate "2019.06.20"]
[EventType "team-tourn"]
[EventCountry "GER"]
[SourceTitle "playchess.com"]
[Source "ChessBase"]
[SourceQuality "1"]
[WhiteTeam "Schleswig Holstein"]
[BlackTeam "Hessen 1"]
[TimeControl "40/5400+30:1800+30"]

1. Nf3 Nf6 2. c4 e6 3. b3 d5 4. Bb2 Be7 5. g3 O-O 6. Bg2 c5 7. O-O Nc6 8. Qc2 h6 9. Rd1 d4 10. a3 a5 11. d3 Qc7 12. e3 e5 13. Nbd2 Bg4 14. Re1 Rad8 15. Rad1 Rfe8 16. h3 Bh5 17. Nf1 Bg6 18. N3h2 Bd6 19. exd4 exd4 20. Qd2 b6 21. Bc1 Ne5 22. Qc2 Ned7 23. Nf3 Nf8 24. Bd2 Ne6 25. Rb1 Rb8 26. Rb2 Bh7 27. Reb1 Nf8 28. N3h2 g5 29. b4 axb4 30. axb4 Ng6 31. bxc5 bxc5 32. Rb7 Rxb7 33. Rxb7 Qd8 34. Nf3 Re7 35. Rb5 Nd7 36. N1h2 Nge5 37. Ne1 Nf6 38. Nhf3 Nxf3+ 39. Nxf3 Re2 40. Bf1 Re6 41. Qa2 Qc7 42. Ba5 Qa7 43. Qb3 Qa8 44. Bg2 Qc8 45. Bb6 1/2-1/2

[Event "DFMMLV 2019"]
[Site "Braunfels"]
[Date "2019.06.21"]
[Round "3.23"]
[White "Pralle, Katharina"]
[Black "Freter, Anke"]
[Result "0-1"]
[ECO "A16"]
[WhiteElo "1971"]
[BlackElo "1856"]
[Annotator "NA"]
[PlyCount "72"]
[EventDate "2019.06.20"]
[EventType "team-tourn"]
[EventCountry "GER"]
[SourceTitle "playchess.com"]
[Source "ChessBase"]
[SourceQuality "1"]
[WhiteTeam "Hessen 1"]
[BlackTeam "Schleswig Holstein"]
[TimeControl "40/5400+30:1800+30"]

1. c4 Nf6 2. Nc3 g6 3. g3 d5 4. cxd5 Nxd5 5. Bg2 c6 6. Nf3 Bg7 7. O-O O-O 8. Re1 e5 9. Nxd5 cxd5 10. d3 Nc6 11. Rb1 h6 12. b3 Be6 13. Bb2 Qd7 14. d4 f6 15. dxe5 fxe5 16. Qd2 Kh7 17. Rf1 d4 18. Rbd1 Rac8 19. Nh4 Bf6 20. Bc1 Qg7 21. f4 exf4 22. Qxf4 Ne7 23. Nf3 Nd5 24. Qd6 Rc6 25. Qa3 Ra6 26. Qb2 Nc3 27. a4 Nxd1 28. Rxd1 Rd8 29. Qa3 Rb6 30. Nd2 d3 31. a5 Rb5 32. exd3 Bd4+ 33. Kh1 Bc5 34. Qa4 Rb4 35. Qa2 Rxd3 36. Be4 Rxe4 0-1

[Event "DFMMLV 2019"]
[Site "Braunfels"]
[Date "2019.06.21"]
[Round "3.24"]
[White "Braeutigam, Katerina"]
[Black "Heymann-Lobzhanidze, Anna-Luise"]
[Result "1-0"]
[ECO "A10"]
[WhiteElo "1697"]
[BlackElo "1950"]
[Annotator "NA"]
[PlyCount "81"]
[EventDate "2019.06.20"]
[EventType "team-tourn"]
[EventCountry "GER"]
[SourceTitle "playchess.com"]
[Source "ChessBase"]
[SourceQuality "1"]
[WhiteTeam "Schleswig Holstein"]
[BlackTeam "Hessen 1"]
[TimeControl "40/5400+30:1800+30"]

1. c4 g6 2. g3 Bg7 3. Bg2 d6 4. Nc3 Nf6 5. e3 O-O 6. Nge2 c5 7. O-O Nc6 8. d4 Bd7 9. d5 Na5 10. b3 a6 11. Qd3 Rb8 12. Rb1 b5 13. Bd2 b4 14. Nd1 Qc8 15. e4 Bh3 16. f4 Nb7 17. Bxh3 Qxh3 18. f5 Ng4 19. Rf2 Be5 20. Rg2 gxf5 21. exf5 f6 22. Qf3 Nd8 23. Kh1 Nh6 24. Ne3 Nhf7 25. Ng4 Bd4 26. Nf4 Ne5 27. Nxe5 Qxf5 28. Qg4+ Qxg4 29. Nxg4 Nf7 30. Ne6 Rfc8 31. Nxd4 cxd4 32. Nh6+ Nxh6 33. Bxh6 a5 34. Rd2 a4 35. Rxd4 axb3 36. axb3 Ra8 37. Rg4+ Kf7 38. Rg7+ Ke8 39. Rxh7 Kd7 40. Bd2 Rcb8 41. Re1 1-0

[Event "DFMMLV 2019"]
[Site "Braunfels"]
[Date "2019.06.21"]
[Round "3.25"]
[White "Schmidt, Jessica"]
[Black "Tornay, Haizea"]
[Result "1-0"]
[ECO "E94"]
[WhiteElo "2240"]
[BlackElo "1598"]
[Annotator "NA"]
[PlyCount "89"]
[EventDate "2019.06.20"]
[EventType "team-tourn"]
[EventCountry "GER"]
[SourceTitle "playchess.com"]
[Source "ChessBase"]
[SourceQuality "1"]
[WhiteTeam "Baden"]
[BlackTeam "Hessen 2"]
[TimeControl "40/5400+30:1800+30"]

1. d4 Nf6 2. c4 g6 3. Nc3 Bg7 4. Nf3 O-O 5. e4 d6 6. Be2 e5 7. O-O exd4 8. Nxd4 Nbd7 9. Be3 Nc5 10. f3 a5 11. Qd2 Re8 12. Rad1 Ne6 13. Rfe1 Qe7 14. Bf1 Bd7 15. Bf2 Qf8 16. Ncb5 Bxb5 17. Nxb5 Nd7 18. Qc2 Qe7 19. b3 Qf6 20. a3 Qb2 21. Qxb2 Bxb2 22. g3 Re7 23. Kg2 Ndc5 24. b4 axb4 25. axb4 Nd7 26. f4 Ra4 27. f5 Ng7 28. fxg6 hxg6 29. Nxc7 Nf6 30. Nd5 Nxd5 31. exd5 Rd7 32. b5 Nf5 33. Re8+ Kg7 34. b6 Rb4 35. Rb1 Bc3 36. Rxb4 Bxb4 37. g4 Ne7 38. Bd4+ f6 39. h4 Kf7 40. Rh8 Kg7 41. Rb8 Kh7 42. Bxf6 Ng8 43. Bd4 Ba3 44. h5 gxh5 45. Bd3+ 1-0

[Event "DFMMLV 2019"]
[Site "Braunfels"]
[Date "2019.06.21"]
[Round "3.26"]
[White "Krausse, Vanessa"]
[Black "Malachowski, Margrit"]
[Result "0-1"]
[ECO "B13"]
[WhiteElo "1645"]
[BlackElo "2080"]
[Annotator "NA"]
[PlyCount "62"]
[EventDate "2019.06.20"]
[EventType "team-tourn"]
[EventCountry "GER"]
[SourceTitle "playchess.com"]
[Source "ChessBase"]
[SourceQuality "1"]
[WhiteTeam "Hessen 2"]
[BlackTeam "Baden"]
[TimeControl "40/5400+30:1800+30"]

1. e4 c6 2. Nc3 d5 3. exd5 cxd5 4. d4 Nc6 5. Bf4 a6 6. Nf3 Bg4 7. Be2 Nf6 8. h3 Bh5 9. O-O e6 10. a3 Bd6 11. Bxd6 Qxd6 12. Na4 O-O 13. c3 Ne4 14. Ne5 Bxe2 15. Qxe2 Nxe5 16. dxe5 Qc6 17. Qg4 b5 18. f3 Nd2 19. Rfd1 Nb3 20. Rab1 bxa4 21. Kh1 Rac8 22. Rd3 Qc4 23. Qxc4 Rxc4 24. Rbd1 Rb8 25. Kg1 g6 26. Kf2 Na5 27. R1d2 Rc7 28. Ke1 Nc4 29. Re2 Nxb2 30. Rde3 Nc4 31. Rd3 Rb3 0-1

[Event "DFMMLV 2019"]
[Site "Braunfels"]
[Date "2019.06.21"]
[Round "3.27"]
[White "Zhang, Fan"]
[Black "Buchholz, Maja"]
[Result "0-1"]
[ECO "A45"]
[WhiteElo "2069"]
[BlackElo "1657"]
[Annotator "NA"]
[PlyCount "63"]
[EventDate "2019.06.20"]
[EventType "team-tourn"]
[EventCountry "GER"]
[SourceTitle "playchess.com"]
[Source "ChessBase"]
[SourceQuality "1"]
[WhiteTeam "Baden"]
[BlackTeam "Hessen 2"]
[TimeControl "40/5400+30:1800+30"]

1. d4 Nf6 2. Bg5 e6 3. e3 Be7 4. Nf3 d5 5. c4 c6 6. Nc3 O-O 7. Bd3 Nbd7 8. O-O Qc7 9. cxd5 exd5 10. Rb1 Re8 11. Qc2 h6 12. Bf4 Qd8 13. h3 Nf8 14. b4 Ne6 15. Bh2 Bd7 16. b5 c5 17. dxc5 Nxc5 18. Bf5 Rc8 19. Bxd7 Ncxd7 20. Qb2 Nb6 21. Rbc1 Ne4 22. Ne2 Nc4 23. Qd4 Bc5 24. Qd3 Ba3 25. Rcd1 Rc5 26. Ne5 Qa5 27. Nxc4 dxc4 28. Qd7 Qxb5 29. Qd4 Bb2 30. Qd7 c3 31. Qg4 c2 32. Rd7 0-1

[Event "DFMMLV 2019"]
[Site "Braunfels"]
[Date "2019.06.21"]
[Round "3.28"]
[White "Schardt, Madeleine"]
[Black "Schneider, Birgit"]
[Result "1-0"]
[ECO "D00"]
[WhiteElo "1578"]
[BlackElo "1874"]
[Annotator "NA"]
[PlyCount "125"]
[EventDate "2019.06.20"]
[EventType "team-tourn"]
[EventCountry "GER"]
[SourceTitle "playchess.com"]
[Source "ChessBase"]
[SourceQuality "1"]
[WhiteTeam "Hessen 2"]
[BlackTeam "Baden"]
[TimeControl "40/5400+30:1800+30"]

1. d4 d5 2. Bf4 Nf6 3. e3 e6 4. c3 c5 5. Nf3 Bd6 6. Bg3 Nc6 7. Nbd2 O-O 8. Bd3 b6 9. Ne5 Bb7 10. f4 cxd4 11. exd4 Ne7 12. Qf3 Nd7 13. Qh5 g6 14. Qf3 f6 15. Ng4 e5 16. Qe3 e4 17. Be2 Nf5 18. Qf2 Qc7 19. Ne3 Nxe3 20. Qxe3 f5 21. h4 Rf7 22. Kf2 Nf8 23. Rag1 Ne6 24. h5 Nxf4 25. hxg6 Nxg6 26. Bxd6 Qxd6 27. g3 f4 28. gxf4 Qxf4+ 29. Qxf4 Rxf4+ 30. Ke3 Raf8 31. Bh5 R4f6 32. Rh2 Bc6 33. c4 R8f7 34. Rg5 dxc4 35. Nxc4 Kf8 36. Bxg6 Rxg6 37. Rxg6 hxg6 38. Ne5 Rf6 39. Nxc6 Rxc6 40. Kxe4 Kg7 41. Ke5 Rc1 42. d5 Rd1 43. Ke6 Re1+ 44. Kd7 Kf6 45. Rf2+ Ke5 46. d6 g5 47. Rg2 Kf5 48. Kd8 Rd1 49. d7 g4 50. Re2 Kf4 51. Ke8 Kf3 52. Re7 g3 53. d8=Q Rxd8+ 54. Kxd8 g2 55. Rg7 Kf2 56. Kc7 g1=Q 57. Rxg1 Kxg1 58. Kb7 Kf2 59. Kxa7 b5 60. Kb6 b4 61. Kb5 b3 62. axb3 Ke3 63. Kc5 1-0

[Event "DFMMLV 2019"]
[Site "Braunfels"]
[Date "2019.06.21"]
[Round "3.29"]
[White "Boettger, Sina Fleur"]
[Black "Schwegler, Jelena"]
[Result "1/2-1/2"]
[ECO "A34"]
[WhiteElo "1744"]
[BlackElo "1511"]
[Annotator "NA"]
[PlyCount "38"]
[EventDate "2019.06.20"]
[EventType "team-tourn"]
[EventCountry "GER"]
[SourceTitle "playchess.com"]
[Source "ChessBase"]
[SourceQuality "1"]
[WhiteTeam "Baden"]
[BlackTeam "Hessen 2"]
[TimeControl "40/5400+30:1800+30"]

1. c4 c5 2. Nc3 g6 3. g3 Bg7 4. Bg2 Nf6 5. e3 O-O 6. Nge2 e6 7. d4 cxd4 8. exd4 d5 9. cxd5 exd5 10. O-O Bf5 11. Qb3 Nc6 12. Nxd5 Nxd5 13. Bxd5 Na5 14. Qf3 Bg4 15. Bxf7+ Rxf7 16. Qxg4 Nc6 17. Be3 Qe7 18. Nc3 Qb4 19. Rfd1 Qxb2 1/2-1/2

[Event "DFMMLV 2019"]
[Site "Braunfels"]
[Date "2019.06.21"]
[Round "3.30"]
[White "Goetz, Fenja"]
[Black "Grining, Maria"]
[Result "0-1"]
[ECO "B15"]
[WhiteElo "1528"]
[BlackElo "1709"]
[Annotator "NA"]
[PlyCount "136"]
[EventDate "2019.06.20"]
[EventType "team-tourn"]
[EventCountry "GER"]
[SourceTitle "playchess.com"]
[Source "ChessBase"]
[SourceQuality "1"]
[WhiteTeam "Hessen 2"]
[BlackTeam "Baden"]
[TimeControl "40/5400+30:1800+30"]

1. e4 c6 2. d4 d5 3. Nc3 dxe4 4. Nxe4 Nf6 5. Nxf6+ exf6 6. Nf3 Bd6 7. Bd3 Be6 8. O-O Qc7 9. Re1 O-O 10. h3 Rd8 11. c3 c5 12. Be3 cxd4 13. Bxd4 Nc6 14. Be3 Ne5 15. Bc2 Nc4 16. Qb1 h6 17. Bd4 Ne5 18. Nxe5 fxe5 19. Be3 Bd5 20. Rd1 Qc6 21. f3 Bc5 22. Bxc5 Qxc5+ 23. Kh1 Bc4 24. Bd3 Bxd3 25. Rxd3 Qb5 26. Re3 Rd2 27. b3 Rad8 28. Qe1 f6 29. c4 Qa6 30. Re2 R2d4 31. Re4 Qb6 32. Re2 R8d7 33. Rc2 Qd8 34. Rcc1 Rd2 35. a4 R7d3 36. Rcb1 Qd4 37. Qe4 Qf2 38. Qg4 h5 39. Qg6 Kf8 40. Rf1 Qh4 41. Rab1 Re3 42. Rbd1 Ree2 43. Rg1 Rxg2 44. Qxg2 Rxg2 45. Kxg2 f5 46. Rgf1 f4 47. Rd2 Qg3+ 48. Kh1 Qxh3+ 49. Kg1 Qf5 50. Rh2 e4 51. fxe4 Qxe4 52. Rh4 Qe3+ 53. Kh1 f3 54. Rh3 Qe4 55. Rfxf3+ Kg8 56. Kg1 g6 57. Rf2 Kh7 58. Rfh2 Kh6 59. Kf2 Qg4 60. Rg3 Qf4+ 61. Kg2 g5 62. Rgh3 h4 63. Kg1 Kh5 64. Rf2 Qd4 65. Rhf3 Qg4+ 66. Kh2 Qe4 67. Rf7 Qe5+ 68. Kh1 Kg6 0-1

[Event "DFMMLV 2019"]
[Site "Braunfels"]
[Date "2019.06.21"]
[Round "3.31"]
[White "Doll, Rebecca"]
[Black "von Beckh, Frieda"]
[Result "1-0"]
[ECO "B22"]
[WhiteElo "1678"]
[BlackElo "1465"]
[Annotator "NA"]
[PlyCount "75"]
[EventDate "2019.06.20"]
[EventType "team-tourn"]
[EventCountry "GER"]
[SourceTitle "playchess.com"]
[Source "ChessBase"]
[SourceQuality "1"]
[WhiteTeam "Baden"]
[BlackTeam "Hessen 2"]
[TimeControl "40/5400+30:1800+30"]

1. e4 c5 2. c3 Nc6 3. d4 cxd4 4. cxd4 g6 5. Nc3 Bg7 6. Nf3 e6 7. Bg5 Nge7 8. d5 exd5 9. exd5 Ne5 10. d6 f6 11. dxe7 Qxe7 12. Be3 Qb4 13. Nxe5 Qxb2 14. Nd5 Qxe5 15. Be2 O-O 16. O-O b6 17. Bf4 Qe4 18. Bf3 Qe6 19. Nc7 Qf5 20. Qd5+ Qxd5 21. Bxd5+ Kh8 22. Bxa8 f5 23. Rae1 Ba6 24. Nxa6 Rxa8 25. Be5 d5 26. Bxg7+ Kxg7 27. Nc7 Rd8 28. Ne6+ Kg8 29. Nxd8 d4 30. f3 d3 31. Kf2 d2 32. Rd1 a5 33. Rxd2 b5 34. Rd7 Kf8 35. Ne6+ Ke8 36. Rb7 b4 37. Rc1 b3 38. Rc8# 1-0

[Event "DFMMLV 2019"]
[Site "Braunfels"]
[Date "2019.06.21"]
[Round "3.32"]
[White "Biesdorf, Ina"]
[Black "Landenberger, Anja Kathrin"]
[Result "0-1"]
[ECO "A45"]
[WhiteElo "1405"]
[BlackElo "1781"]
[Annotator "NA"]
[PlyCount "108"]
[EventDate "2019.06.20"]
[EventType "team-tourn"]
[EventCountry "GER"]
[SourceTitle "playchess.com"]
[Source "ChessBase"]
[SourceQuality "1"]
[WhiteTeam "Hessen 2"]
[BlackTeam "Baden"]
[TimeControl "40/5400+30:1800+30"]

1. d4 Nf6 2. Bf4 d5 3. e3 e6 4. c4 Bd6 5. Bg5 c6 6. Nd2 Nbd7 7. Ngf3 O-O 8. Bd3 Qe8 9. e4 dxe4 10. Nxe4 Nxe4 11. Bxe4 f5 12. Bc2 e5 13. O-O e4 14. c5 exf3 15. cxd6 Qg6 16. h4 h6 17. g4 hxg5 18. Qxf3 gxh4 19. Bxf5 Rxf5 20. Qxf5 Qxf5 21. gxf5 Nf6 22. Rfe1 Bxf5 23. Re7 Bd7 24. Kh1 Rd8 25. Rg1 Ne8 26. Rg5 h3 27. Kh2 Kh7 28. f4 Kh6 29. a3 g6 30. Rge5 Nxd6 31. d5 c5 32. Rxd7 Rxd7 33. Re6 Nf5 34. Kxh3 Rxd5 35. Kg4 Rd2 36. b4 c4 37. Re1 Rg2+ 38. Kf3 Rg3+ 39. Ke2 Rxa3 40. Rh1+ Kg7 41. Rc1 b5 42. Kd2 Ra2+ 43. Kc3 Ra3+ 44. Kb2 Rb3+ 45. Ka2 Rxb4 46. Rc3 Rb3 47. Rxb3 cxb3+ 48. Kxb3 a5 49. Ka3 Kf6 50. Kb3 Ke6 51. Kc3 Kd5 52. Kd3 b4 53. Kc2 Ke4 54. Kb3 Kxf4 0-1

[Event "DFMMLV 2019"]
[Site "Braunfels"]
[Date "2019.06.21"]
[Round "3.34"]
[White "Mucha, Annegret"]
[Black "Noll, Sonja"]
[Result "1-0"]
[ECO "A00"]
[WhiteElo "2050"]
[BlackElo "1777"]
[Annotator "NA"]
[PlyCount "81"]
[EventDate "2019.06.20"]
[EventType "team-tourn"]
[EventCountry "GER"]
[SourceTitle "playchess.com"]
[Source "ChessBase"]
[SourceQuality "1"]
[WhiteTeam "Thueringen"]
[BlackTeam "Saarland"]
[TimeControl "40/5400+30:1800+30"]

1. Nc3 e5 2. Nf3 Nc6 3. d4 exd4 4. Nxd4 Bb4 5. Nxc6 Bxc3+ 6. bxc3 bxc6 7. Qd4 Qf6 8. Rb1 Ne7 9. Qxf6 gxf6 10. e4 d6 11. Be3 c5 12. f4 O-O 13. Kf2 f5 14. Bd3 fxe4 15. Bxe4 c6 16. Rhd1 Bf5 17. Bxf5 Nxf5 18. Bc1 Rfd8 19. Rb7 d5 20. Rc7 Nd6 21. Rxc6 Ne4+ 22. Kf1 Nxc3 23. Rd3 Ne4 24. Rc7 c4 25. Rd1 a5 26. Bb2 f6 27. g4 h6 28. Kg2 Rab8 29. Bd4 Rbc8 30. Rb7 a4 31. Rdb1 Rf8 32. Ra7 Ra8 33. Rd7 Rfd8 34. Rbb7 Rxd7 35. Rxd7 Ra5 36. h4 Rb5 37. g5 hxg5 38. fxg5 fxg5 39. h5 Rb6 40. Bxb6 Nf6 41. Rd8+ 1-0

[Event "DFMMLV 2019"]
[Site "Braunfels"]
[Date "2019.06.21"]
[Round "3.35"]
[White "Ramm, Madlen"]
[Black "Skibbe, Diana"]
[Result "0-1"]
[ECO "C22"]
[WhiteElo "1733"]
[BlackElo "1986"]
[Annotator "NA"]
[PlyCount "44"]
[EventDate "2019.06.20"]
[EventType "team-tourn"]
[EventCountry "GER"]
[SourceTitle "playchess.com"]
[Source "ChessBase"]
[SourceQuality "1"]
[WhiteTeam "Saarland"]
[BlackTeam "Thueringen"]
[TimeControl "40/5400+30:1800+30"]

1. e4 e5 2. d4 exd4 3. Qxd4 Nc6 4. Qe3 Nf6 5. Bd2 Be7 6. Nc3 O-O 7. O-O-O d6 8. h3 Re8 9. f4 Bf8 10. Bd3 d5 11. Qe1 d4 12. Nb1 Bf5 13. e5 Bxd3 14. cxd3 Nd5 15. Qg3 Qe7 16. Re1 Ndb4 17. Kd1 Nxa2 18. Nf3 Nab4 19. f5 Qc5 20. Ng5 Qc2+ 21. Ke2 Rxe5+ 22. Kf2 Nxd3+ 0-1

[Event "DFMMLV 2019"]
[Site "Braunfels"]
[Date "2019.06.21"]
[Round "3.36"]
[White "Jacke, Corinna"]
[Black "Fuchs, Emily"]
[Result "0-1"]
[ECO "C44"]
[WhiteElo "2001"]
[BlackElo "1384"]
[Annotator "NA"]
[PlyCount "64"]
[EventDate "2019.06.20"]
[EventType "team-tourn"]
[EventCountry "GER"]
[SourceTitle "playchess.com"]
[Source "ChessBase"]
[SourceQuality "1"]
[WhiteTeam "Thueringen"]
[BlackTeam "Saarland"]
[TimeControl "40/5400+30:1800+30"]

1. e4 e5 2. Nf3 Nc6 3. d4 exd4 4. c3 Nf6 5. e5 Nd5 6. cxd4 d6 7. Bc4 Nb6 8. Bxf7+ Kxf7 9. Ng5+ Ke8 10. e6 Qf6 11. Be3 Bxe6 12. Nxe6 Qxe6 13. O-O Kd7 14. Nc3 d5 15. Re1 Re8 16. Bd2 Qg6 17. Rxe8 Qxe8 18. Bf4 Qf7 19. Bg3 a6 20. a4 Nc4 21. b3 Nd6 22. Qg4+ Qf5 23. Qd1 Ne4 24. Ne2 Nxg3 25. Nxg3 Qf6 26. Qh5 Bd6 27. Qxd5 Qe6 28. Qg5 Qf6 29. Qg4+ Kd8 30. Nh5 Qxd4 31. Qg5+ Be7 32. Qf5 Qxa1+ 0-1

[Event "DFMMLV 2019"]
[Site "Braunfels"]
[Date "2019.06.21"]
[Round "3.37"]
[White "Huppert, Anna"]
[Black "Dietrich, Mareike"]
[Result "1/2-1/2"]
[ECO "B23"]
[WhiteElo "1515"]
[BlackElo "1706"]
[Annotator "NA"]
[PlyCount "78"]
[EventDate "2019.06.20"]
[EventType "team-tourn"]
[EventCountry "GER"]
[SourceTitle "playchess.com"]
[Source "ChessBase"]
[SourceQuality "1"]
[WhiteTeam "Saarland"]
[BlackTeam "Thueringen"]
[TimeControl "40/5400+30:1800+30"]

1. e4 c5 2. Nc3 a6 3. f4 b5 4. Nf3 Bb7 5. d3 e6 6. Be3 d5 7. exd5 exd5 8. d4 c4 9. a3 Nf6 10. Be2 Bd6 11. O-O Ng4 12. Bd2 Qb6 13. Qe1 Be7 14. Nd1 Nc6 15. c3 O-O-O 16. Kh1 h5 17. a4 Qc7 18. axb5 axb5 19. Rb1 g5 20. f5 Rdg8 21. b3 Bd6 22. h3 Nh2 23. Nxh2 Bxh2 24. bxc4 Bg3 25. Nf2 bxc4 26. Rb5 Qd7 27. Qb1 Ne7 28. Bd1 Bc6 29. Ra5 Nxf5 30. Bc2 Nd6 31. Bc1 g4 32. Ba3 Bxf2 33. Bxd6 Qxd6 34. Rxf2 gxh3 35. Bf5+ Kd8 36. Bxh3 Qc7 37. Rc5 Re8 38. Rf6 Qb7 39. Qf5 Re1+ 1/2-1/2

[Event "DFMMLV 2019"]
[Site "Braunfels"]
[Date "2019.06.21"]
[Round "3.38"]
[White "Schulz, Theresa Charlotte"]
[Black "Weinmann, Helene"]
[Result "1-0"]
[ECO "C50"]
[WhiteElo "1603"]
[BlackElo "1522"]
[Annotator "NA"]
[PlyCount "75"]
[EventDate "2019.06.20"]
[EventType "team-tourn"]
[EventCountry "GER"]
[SourceTitle "playchess.com"]
[Source "ChessBase"]
[SourceQuality "1"]
[WhiteTeam "Thueringen"]
[BlackTeam "Saarland"]
[TimeControl "40/5400+30:1800+30"]

1. e4 e5 2. Nf3 d6 3. d4 exd4 4. Nxd4 Nf6 5. Nc3 Be7 6. Bc4 O-O 7. O-O Nbd7 8. Bb3 Nc5 9. Re1 Nxb3 10. cxb3 Nd7 11. f4 Bf6 12. Nf5 Nb6 13. Ng3 Bd7 14. Nh5 Bh4 15. g3 Be7 16. f5 f6 17. Nf4 Qc8 18. Nce2 c6 19. Nd4 Rf7 20. Nde6 Bf8 21. Qh5 Bxe6 22. Nxe6 Qe8 23. g4 Rd7 24. Qh4 Qf7 25. g5 Be7 26. Re2 d5 27. g6 hxg6 28. Rg2 g5 29. Qg4 dxe4 30. h4 gxh4 31. Qxh4 Rd1+ 32. Kf2 Bf8 33. Rh2 Qd7 34. Qh7+ Kf7 35. Qh5+ Ke7 36. Be3 Rd2+ 37. Kg1 Rd1+ 38. Rxd1 1-0

[Event "DFMMLV 2019"]
[Site "Braunfels"]
[Date "2019.06.21"]
[Round "3.39"]
[White "Alhassan, Jodi"]
[Black "Neumann, Tina"]
[Result "0-1"]
[ECO "B01"]
[WhiteElo "1108"]
[BlackElo "1525"]
[Annotator "NA"]
[PlyCount "110"]
[EventDate "2019.06.20"]
[EventType "team-tourn"]
[EventCountry "GER"]
[SourceTitle "playchess.com"]
[Source "ChessBase"]
[SourceQuality "1"]
[WhiteTeam "Saarland"]
[BlackTeam "Thueringen"]
[TimeControl "40/5400+30:1800+30"]

1. e4 d5 2. exd5 Qxd5 3. Nc3 Qa5 4. d4 Nf6 5. Bd2 c6 6. Ne4 Qc7 7. Nxf6+ gxf6 8. Bc4 Bf5 9. Nf3 e6 10. O-O Nd7 11. Nh4 Bg6 12. c3 O-O-O 13. a4 Bd6 14. h3 Rdg8 15. b4 Be4 16. Re1 f5 17. b5 Nf6 18. a5 cxb5 19. Bxb5 a6 20. Bf1 Nd5 21. Ra4 Kd8 22. Rc4 Qxa5 23. Qh5 b5 24. Rc6 Kd7 25. Rxd6+ Kxd6 26. Qxf7 Qc7 27. Qxc7+ Nxc7 28. Bf4+ Kd7 29. Be5 Bd5 30. Bxh8 Rxh8 31. Rc1 Rc8 32. g3 Ne8 33. Ng2 Bc4 34. Bxc4 Rxc4 35. Ne3 Rc6 36. c4 bxc4 37. Nxc4 Ke7 38. Rc2 Nd6 39. Ne3 Rxc2 40. Nxc2 Kd7 41. Kf1 Kc6 42. Ke1 a5 43. Kd2 Kd5 44. Kd3 Ne4 45. Ne3+ Kc6 46. Ke2 Kb5 47. Kd3 Nxf2+ 48. Kc3 Ne4+ 49. Kb3 Nxg3 50. Nc2 a4+ 51. Kc3 Ne4+ 52. Kb2 Kc4 53. Ka3 Kc3 54. Nb4 Kxd4 55. Kxa4 f4 0-1

[Event "DFMMLV 2019"]
[Site "Braunfels"]
[Date "2019.06.21"]
[Round "3.41"]
[White "Brandt, Carina"]
[Black "Zschischang, Marine"]
[Result "1-0"]
[ECO "C10"]
[WhiteElo "2085"]
[BlackElo "2060"]
[Annotator "NA"]
[PlyCount "125"]
[EventDate "2019.06.20"]
[EventType "team-tourn"]
[EventCountry "GER"]
[SourceTitle "playchess.com"]
[Source "ChessBase"]
[SourceQuality "1"]
[WhiteTeam "Hamburg"]
[BlackTeam "Niedersachsen Bremen"]
[TimeControl "40/5400+30:1800+30"]

1. e4 e6 2. d4 d5 3. Nc3 dxe4 4. Nxe4 Nd7 5. Nf3 Ngf6 6. Bd3 c5 7. Qe2 Qc7 8. Nxf6+ Nxf6 9. dxc5 Bxc5 10. Bg5 a6 11. O-O-O Qb6 12. Ne5 Bd4 13. Nc4 Qc7 14. Be4 Bc5 15. g3 O-O 16. Bxf6 gxf6 17. f4 Bd7 18. Bxh7+ Kg7 19. Bd3 Rfc8 20. Qg4+ Kf8 21. Qh4 Bb5 22. Kb1 Bd4 23. f5 e5 24. Na3 Bc6 25. Rhe1 Bf3 26. Qxf6 Bxd1 27. Rxd1 Qb6 28. Qxb6 Bxb6 29. Nc4 Bc7 30. Be4 Rd8 31. Re1 Ra7 32. Ne3 Rd2 33. h4 b5 34. Kc1 Rd6 35. Nd5 Bd8 36. c3 Rad7 37. Rd1 f6 38. Kc2 Rg7 39. Rg1 Rgd7 40. Rd1 Bb6 41. g4 Bf2 42. g5 Bxh4 43. g6 Bg5 44. b3 a5 45. c4 bxc4 46. bxc4 Rc6 47. Kc3 Kg7 48. Rh1 Bh6 49. Rh2 Rc5 50. Rb2 Bg5 51. Rb8 Bd2+ 52. Kxd2 Rxc4 53. Ke3 Ra4 54. Rg8+ Kh6 55. Rh8+ Kg5 56. Rh5+ Kxh5 57. Nxf6+ Kh6 58. Nxd7 Ra3+ 59. Bd3 Rxa2 60. f6 e4 61. Bxe4 Ra1 62. f7 Rf1 63. Bf3 1-0